 Dungeon Crawl Stone Soup version 0.32-a0-747-gc8563f6773 (webtiles) character file.

Game seed: 12666759780771763550

386 mandarbmax the Cudgeller (level 6, -8/52 HPs)
             Began as a Mountain Dwarf Fighter on Mar 18, 2024.
             Mangled by an ogre
             ... wielding a +4 great mace
              (28 damage)
             ... on level 3 of the Dungeon on Mar 19, 2024.
             The game lasted 00:07:33 (2208 turns).

mandarbmax the Cudgeller (Mountain Dwarf Fighter)   Turns: 2208, Time: 00:07:34

Health: -8/52      AC: 12    Str: 20    XL:     6   Next: 48%
Magic:  6/6        EV:  6    Int:  9    God:
Gold:   151        SH:  4    Dex:  9    Spells: 5/5 levels left

rFire   . . .        a - +0 flail
rCold   . . .        c - +0 buckler
rNeg    + . .        k - +0 chain mail
rPois   .            (no helmet)
rElec   .            o - +1 cloak
rCorr   .            (no gloves)
SInv    .            g - +0 pair of boots
Will    .....        j - amulet of faith Stlth
                     q - ring of positive energy
HPRegen 0.28/turn    (no ring)
MPRegen 0.10/turn

%: faith
@: mighty
A: runic magic, artefact enchanting
a: no special abilities


You were on level 3 of the Dungeon.
You visited 1 branch of the dungeon, and saw 3 of its levels.

You collected 151 gold pieces.

Inventory:

Hand Weapons
 a - a +0 flail (weapon)
Armour
 c - a +0 buckler (worn)
 g - a +0 pair of boots (worn)
 k - a +0 chain mail (worn)
 o - a +1 cloak (worn)
Jewellery
 j - an amulet of faith (around neck)
 q - a ring of positive energy (left hand)
Wands
 t - a wand of warping (10)
Scrolls
 b - a scroll of torment {unknown}
 f - 2 scrolls of enchant armour {unknown}
 h - a scroll of fear {unknown}
 i - a scroll of noise {unknown}
 l - a scroll of amnesia {unknown}
 m - a scroll of enchant weapon {unknown}
 p - a scroll of vulnerability {unknown}
Potions
 e - a potion of resistance {unknown}
 r - a potion of brilliance {unknown}
 s - a potion of mutation {unknown}


   Skills:
 - Level 4.0 Fighting
 + Level 7.2 Maces & Flails
 - Level 4.0 Armour
 - Level 4.0 Shields


You had 5 spell levels left.
You didn't know any spells.
Your spell library contained the following spells:

 Spells                   Type           Power      Damage    Failure   Level
 Call Imp                 Summ           0%         N/A       77%         2
 Sublimation of Blood     Necr           0%         N/A       77%         2
 Cause Fear               Hex            0%         N/A       100%        4
 Vhi's Electric Charge    Tloc/Air       0%         N/A       100%        4
 Arcjolt                  Conj/Air       0%         1d10      100%        5
 Fireball                 Conj/Fire      0%         3d3       100%        5
 Summon Hydra             Summ           0%         N/A       100%        7
 Maxwell's Capacitive Co  Air            0%         ∞         100%        8
 Dragon's Call            Summ           0%         N/A       100%        9


Dungeon Overview and Level Annotations

Branches:
Dungeon (3/15)

Altars:

Annotations:
D:3 1 transporter


Innate Abilities, Weirdness & Mutations

Your spellcasting is much less encumbered by armour.
You can use scrolls of enchantment on lesser artefacts.


Message History

You thump Biggs's ghost!
Biggs's ghost is almost destroyed.
Biggs's ghost hits you but does no damage.
You sock Biggs's ghost!
You destroy Biggs's ghost!
Training target 4.0 for Fighting reached!
Training target 4.0 for Shields reached!
Training target 4.0 for Armour reached!
Your Fighting skill increases to level 4!
Your Armour skill increases to level 4!
Your Shields skill increases to level 4!
You have reached level 6!
You completely miss the ogre. You thump the ogre!
The ogre is moderately wounded.
The ogre hits you with a +4 great mace. The ogre hits you but does no damage.
Unknown command.
You thump the ogre!
The ogre is moderately wounded.
The ogre hits you with a +4 great mace!
The ogre hits you with a +0 giant club!!
* * * LOW HITPOINT WARNING * * *
Unknown command.
You thump the ogre!
The ogre is severely wounded.
The ogre hits you with a +0 giant club.
* * * LOW HITPOINT WARNING * * *
It was a potion of curing.
You feel better. The ogre completely misses you.
You feel better.
You thump the ogre!
The ogre is almost dead.
You block the ogre's attack.
You thump the ogre!
You kill the ogre!
Your Maces & Flails skill increases to level 7!
You sock the ogre!
The ogre is severely wounded.
The ogre hits you with a +4 great mace!!
Ouch! That really hurt!
You die...

.~≈≈~........########..########
#~≈≈~~.......#!....©#..#
#~~≈≈~.......#..##..#..####
..~≈≈~.#####.#.#..#.#.....##
..~≈≈~.# ###.#..#.#......#
.#~≈≈~## #..##.!#©.#.###
#~~≈≈~# #©....$#....# #~≈≈~~#
#.O##..#©.### #~≈≈~##
#.#@.#.#..# ~~≈≈~# #.#..#.#..#
~≈≈~~# #..##..#..# ~≈≈~##
#......#..# ≈≈~~# ########..#
≈≈~## ##### ~~~# ####


You could see an ogre.

Vanquished Creatures
  An ogre (D:3)
  The ghost of Biggs the Slasher, an amateur CoGl (D:3)
  An orc priest (D:3)
  Crazy Yiuf (D:2)
  Jessica (D:2)
  An orc wizard (D:3)
  A gnoll (D:1)
  5 adders
  A ribbon worm (D:2)
  2 dart slugs
  3 orcs (D:3)
  8 bats
  3 endoplasms
  5 goblins
  3 hobgoblins
  4 kobolds
  2 quokkas (D:1)
  6 ball pythons
  5 frilled lizards
  5 rats
59 creatures vanquished.

Notes
Turn   | Place    | Note
-------+----------+-------------------------------------------
     0 | D:1      | mandarbmax the Mountain Dwarf Fighter began the quest for
                  | the Orb.
     0 | D:1      | Reached XP level 1. HP: 19/19 MP: 1/1
    39 | D:1      | Reached skill level 3 in Maces & Flails
    74 | D:1      | Reached XP level 2. HP: 26/26 MP: 2/2
   274 | D:1      | Reached skill level 4 in Maces & Flails
   274 | D:1      | Reached XP level 3. HP: 30/31 MP: 3/3
   517 | D:2      | Noticed Jessica
   537 | D:2      | Killed Jessica
   538 | D:2      | Reached skill level 5 in Maces & Flails
   691 | D:2      | Reached XP level 4. HP: 11/38 MP: 4/4
  1402 | D:2      | Found a runed translucent door.
  1403 | D:2      | Noticed Crazy Yiuf
  1590 | D:2      | Killed Crazy Yiuf
  1591 | D:2      | Reached skill level 6 in Maces & Flails
  1712 | D:3      | Reached XP level 5. HP: 45/45 MP: 5/5
  1801 | D:3      | Found a transporter.
  1809 | D:3      | Found a transporter.
  1832 | D:3      | Noticed an ogre
  1832 | D:3      | Noticed Biggs's ghost (amateur CoGl)
  1833 | D:3      | Noticed an ogre
  2197 | D:3      | Killed Biggs's ghost
  2198 | D:3      | Reached XP level 6. HP: 52/52 MP: 6/6
  2208 | D:3      | Reached skill level 7 in Maces & Flails
  2208 | D:3      | Mangled by an ogre

Illustrated notes

Levels and vault maps discovered:
D:1:      dpeg_arrival_windows_large_door, layout_rooms
D:2:      minmay_inner_zag, layout_loops_ring, uniq_jessica,
          uniq_crazy_yiuf_cottage
D:3:      wander_river, layout_rooms, gammafunk_ghost_smash,
          small_statue_alley_b

Skill      XL: |  1  2  3  4  5  6 |
---------------+-------------------+-----
Maces & Flails | 3 4 5 6 7 |  7.2
Fighting       | 4 |  4.0
Armour         | 4 |  4.0
Shields        | 4 |  4.0

Action                     |  1- 3 |  4- 6 || total
---------------------------+-------+-------++-------
  Melee: Flail             |   122 |   117 ||   239
    Use: Potion            |       |     3 ||     3
 Armour: Scale mail        |    92 |     1 ||    93
         Chain mail        |       |    86 ||    86
  Dodge: Dodged            |    57 |    34 ||    91
  Block: Buckler           |    28 |    20 ||    48

Table legend: (Time is in decaauts)
 A = Elapsed time spent in this place.
 B = Non-inter-level travel time spent in this place.
 C = Inter-level travel time spent in this place.
 D = Time resting spent in this place.
 E = Time spent auto-exploring this place.
 F = Levels seen in this place.
 G = Mean time per level.
                   A        B        C        D        E       F      G
               +--------+--------+--------+--------+--------+-----+--------+
         Total |   2277 |   2170 |    107 |      0 |   1670 |   3 |  759.0 |
       Dungeon |   2277 |   2170 |    107 |      0 |   1670 |   3 |  759.0 |
               +--------+--------+--------+--------+--------+-----+--------+

Top non-repeatable levels by time:
     D:2: 1217 daAuts
     D:3: 538 daAuts
     D:1: 521 daAuts
